 Dungeon Crawl Stone Soup version 0.28-a0-872-g80cf8599ee (webtiles) character file.

Game seed: 7921964518849529856

273 belegose the Magician (level 6, 0/46 HPs)
             Began as a Mummy Fire Elementalist on Nov 20, 2021.
             Slain by a jackal (2 damage)
             ... on level 3 of the Dungeon.
             The game lasted 00:06:24 (2682 turns).

belegose the Magician (Mummy Fire Elementalist)     Turns: 2682, Time: 00:06:25

Health: 0/46       AC:  2    Str: 12    XL:     6   Next: 2%
Magic:  0/12       EV: 12    Int: 15    God:
Gold:   126        SH:  0    Dex: 19    Spells: 12/13 levels left

rFire   x . .      SeeInvis .   c - +0 dagger
rCold   + . .      Faith    .   (no shield)
rNeg    + + +      Spirit   .   a - +0 robe
rPois   ∞          Reflect  .   (no helmet)
rElec   .          Harm     .   (no cloak)
rCorr   .          Rampage  .   (no gloves)
Will    .....                   (no boots)
Stlth   ++........              (no amulet)
HPRegen 0.15/turn               d - +6 ring of dexterity
MPRegen 0.13/turn               (no ring)

@: no status effects
A: cold resistance 1, negative energy resistance 3, torment resistance 2, heat
vulnerability 1, no potions
a: no special abilities


You were on level 3 of the Dungeon.
You visited 1 branch of the dungeon, and saw 3 of its levels.

You collected 150 gold pieces.
You spent 24 gold pieces at shops.

Inventory:

Hand Weapons
 c - a +0 dagger (weapon)
Armour
 a - a +0 robe (worn)
Jewellery
 d - a +6 ring of dexterity (left hand)
Scrolls
 b - a scroll of enchant weapon {unknown}
 e - a scroll of identify
 f - a scroll of vulnerability {unknown}
 g - a scroll of immolation {unknown}
 h - a scroll of magic mapping {unknown}


   Skills:
 + Level 2.7 Fighting
 - Level 1.5 Dodging
 - Level 1.5 Stealth
 + Level 4.4 Spellcasting
 + Level 2.4 Conjurations
 + Level 3.4 Fire Magic


You had 12 spell levels left.
You knew the following spells:

 Your Spells              Type           Power      Damage    Failure   Level
a - Foxfire               Conj/Fire      48%        2x1d6     4%          1

Your spell library contained the following spells:

 Spells                   Type           Power      Damage    Failure   Level
 Scorch                   Fire           26%        2d6       6%          2
 Conjure Flame            Conj/Fire      12%        6-21      16%         3
 Inner Flame              Hex/Fire       8%         N/A       26%         3
 Flame Wave               Conj/Fire      12%        3d4       45%         4
 Petrify                  Tmut/Erth      3%         N/A       86%         4
 Irradiate                Conj/Tmut      3%         3d14      96%         5
 Sublimation of Blood     Necr           Unusable   N/A       N/A         2

Dungeon Overview and Level Annotations

Branches:
Dungeon (3/15)

Altars:

Shops:
D:1 ?

Annotations:
D:3 exclusion: orc priest, Natasha


Innate Abilities, Weirdness & Mutations

You are immune to poison.
Your flesh is cold resistant. (rC+)
You are immune to negative energy. (rN+++)
You are immune to unholy pain and torment.
You are vulnerable to heat. (rF-)
You do not drink.


Message History

* * * LOW HITPOINT WARNING * * *
You closely miss the adder.
The adder is moderately wounded.
The adder bites you.
* * * LOW HITPOINT WARNING * * *
Casting: Foxfire (safe; 5% risk of failure)
Confirm with . or Enter, or press ? or * to list all spells.
You don't have enough magic to cast this spell.
You miss the adder.
The adder is moderately wounded.
The adder bites you.
* * * LOW HITPOINT WARNING * * *
A jackal comes into view.
The jackal barks!
You hit the adder.
The adder is severely wounded.
The adder bites you.
* * * LOW HITPOINT WARNING * * *
The adder barely misses you.
You aren't carrying any items that you can evoke.
You hit the adder.
The adder is almost dead.
The adder closely misses you.
You miss the adder.
The adder is almost dead.
The adder completely misses you.
You hit the adder.
You kill the adder!
A jackal comes into view.
You have reached level 6!
Your experience leads to an increase in your attributes!
Your base attributes are Str 12, Int 14, Dex 13.
Increase (S)trength, (I)ntelligence, or (D)exterity?
You feel clever.
Casting: Foxfire (safe; 4% risk of failure)
Confirm with . or Enter, or press ? or * to list all spells.
You conjure some foxfire!
The jackal barks!
The jackal bites you.
You die...

#############.[##..≈≈........##..
........##...# #.o..........#.#.
#######.)...# .................
###..## #.#####..##.....#.
#...###.# #.........#. #..#.#)#
#######.###.
#..##.h#############.# #.
#..##..)vv........##.# #.
#..##..h@.#######.##.###.
#..######.# #........ #..# #.#
####.#### #..# #.##########.#
#........o...# ##############


You could see 2 jackals.

Vanquished Creatures
  Sigmund (D:3)
  An orc wizard (D:3)
  4 adders
  5 orcs (D:3)
  4 endoplasms
  2 giant cockroaches (D:2)
  4 goblins
  4 hobgoblins
  3 kobolds
  2 quokkas (D:2)
  5 ball pythons
  5 bats
  4 frilled lizards
  5 rats
49 creatures vanquished.

Vanquished Creatures (others)
  145 foxfires
145 creatures vanquished.

Grand Total: 194 creatures vanquished

Notes
Turn   | Place    | Note
-------+----------+-------------------------------------------
     0 | D:1      | belegose the Mummy Fire Elementalist began the quest for
                  | the Orb.
     0 | D:1      | Reached XP level 1. HP: 13/13 MP: 4/4
   172 | D:1      | Reached skill level 1 in Conjurations
   250 | D:1      | Reached XP level 2. HP: 20/20 MP: 1/5
   289 | D:1      | Found a faded altar of an unknown god.
   329 | D:1      | Reached skill level 3 in Spellcasting
   496 | D:1      | Found Qeag's Magic Scroll Emporium.
   499 | D:1      | Bought a scroll of identify for 24 gold pieces
   525 | D:1      | Reached skill level 1 in Fighting
   818 | D:2      | Reached XP level 3. HP: 23/26 MP: 1/7
  1973 | D:3      | Reached XP level 4. HP: 33/33 MP: 7/9
  2143 | D:3      | Noticed Sigmund
  2154 | D:3      | Killed Sigmund
  2155 | D:3      | Reached skill level 4 in Spellcasting
  2155 | D:3      | Reached XP level 5. HP: 7/39 MP: 1/11
  2450 | D:3      | Noticed Natasha
  2678 | D:3      | HP: 1/39 [adder (1)]
  2682 | D:3      | Reached XP level 6. HP: 2/46 MP: 1/12
  2682 | D:3      | Slain by a jackal

Illustrated notes

Levels and vault maps discovered:
D:1:      minmay_arrival_five_plusses, layout_basic,
          hellmonk_ecumenical_altar_lost_god, serial_shops,
          nicolae_shop_behind_doors
D:2:      layout_basic
D:3:      cheibrodos_helix_gallery, layout_loops_ring,
          corexii_item_surrounded_by_moat, kennysheep_flooded_box, uniq_natasha,
          uniq_sigmund, uniq_terence

Skill      XL: |  1  2  3  4 |
---------------+-------------+-----
Conjurations   | 1 2 |  2.4
Spellcasting   | 3 4 |  4.4
Fighting       | 1 2 |  2.7
Fire Magic     | 3 |  3.4
Dodging        | |  1.5
Stealth        | |  1.5

Action                   |  1- 3 |  4- 6 || total
-------------------------+-------+-------++-------
Melee: Dagger            |    44 |    12 ||    56
       Unarmed           |     2 |       ||     2
 Cast: Foxfire           |    53 |    31 ||    84
 Stab: Sleeping          |     4 |     1 ||     5
Armor: Robe              |    13 |     2 ||    15
Dodge: Dodged            |    36 |     8 ||    44

Table legend: (Time is in decaauts)
 A = Elapsed time spent in this place.
 B = Non-inter-level travel time spent in this place.
 C = Inter-level travel time spent in this place.
 D = Time resting spent in this place.
 E = Time spent auto-exploring this place.
 F = Levels seen in this place.
 G = Mean time per level.
                   A        B        C        D        E       F      G
               +--------+--------+--------+--------+--------+-----+--------+
         Total |   2686 |   2467 |    219 |    293 |   1705 |   3 |  895.3 |
       Dungeon |   2686 |   2467 |    219 |    293 |   1705 |   3 |  895.3 |
               +--------+--------+--------+--------+--------+-----+--------+

Top non-repeatable levels by time:
     D:2: 1036 daAuts
     D:3: 892 daAuts
     D:1: 758 daAuts
